 Dungeon Crawl Stone Soup version 0.27-a0-1273-gec92ba881d (webtiles) character file.

Game seed: 5027047858379692715

1703 ZappyNine the Digger (level 8, -6/61 HPs)
             Began as a Vampire Earth Elementalist on June 11, 2021.
             Killed from afar by Maggie (36 damage)
             ... with a bolt of fire
             ... on level 6 of the Dungeon.
             The game lasted 00:12:15 (7393 turns).

ZappyNine the Digger (Vampire Earth Elementalist)   Turns: 7393, Time: 00:12:15

Health: -6/61      AC:  4    Str:  7    XL:     8   Next: 73%
Magic:  2/13       EV: 13    Int: 19    God:
Gold:   328        SH:  0    Dex: 21    Spells: 4/14 levels left

rFire    . . .     SeeInvis +   n - +2 short sword (venom)
rCold    . . .     Faith    .   (no shield)
rNeg     . . .     Spirit   .   h - +2 robe
rPois    +         Reflect  .   (no helmet)
rElec    .         Harm     .   (no cloak)
rCorr    .         Rampage  .   (no gloves)
Will     .....                  (no boots)
Stlth    ++++......             (no amulet)
HPRegen  0.40/turn              d - +6 ring of dexterity
MPRegen  0.13/turn              (no ring)

@: healing quickly
A: alive, fangs 3, see invisible, vampiric 2, camouflage 1, poison resistance,
MP-powered wands
a: Exsanguinate


You were on level 6 of the Dungeon.
You visited 2 branches of the dungeon, and saw 7 of its levels.

You collected 328 gold pieces.

Inventory:

Hand Weapons
 n - a +2 short sword of venom (weapon)
Missiles
 b - 187 stones
 g - 8 boomerangs
 s - a throwing net
Armour
 c - a +0 robe
 h - a +2 robe (worn)
 u - a +0 buckler
Jewellery
 d - a +6 ring of dexterity (left hand)
Scrolls
 f - a scroll of blinking
 m - a scroll of fog
 o - a scroll of fear
Potions
 a - a potion of invisibility {unknown}
 i - a potion of lignification {unknown}
 p - a potion of curing
 r - a potion of experience {unknown}
 t - a potion of brilliance {unknown}


   Skills:
 + Level 4.5 Fighting
 - Level 2.1 Dodging
 - Level 3.0 Stealth
 - Level 4.0 Shields
 + Level 3.6 Spellcasting
 - Level 2.2 Conjurations
 + Level 4.7 Necromancy
 - Level 2.3 Transmutations
 + Level 6.0 Earth Magic


You had 4 spell levels left.
You knew the following spells:

 Your Spells              Type           Power      Damage    Failure   Level
a - Sandblast             Erth           52%        2d12      1%          1
b - Passwall              Tmut/Erth      15%        N/A       3%          2
c - Stone Arrow           Conj/Erth      38%        3d9       8%          3
d - Animate Dead          Necr           10%        N/A       21%         4

Your spell library contained the following spells:

 Spells                   Type           Power      Damage    Failure   Level
 Animate Skeleton         Necr           42%        N/A       1%          1
 Pain                     Necr           84%        1d8       1%          1
 Beastly Appendage        Tmut           24%        N/A       5%          1
 Magic Dart               Conj           48%        1d5       5%          1
 Vampiric Draining        Necr           10%        2d7       6%          3
 Searing Ray              Conj           24%        3d4       9%          2
 Wereblood                Tmut           12%        N/A       9%          2
 Dazzling Flash           Conj/Hex       14%        N/A       26%         3
 Spider Form              Tmut/Pois      3%         N/A       26%         3
 Petrify                  Tmut/Erth      19%        N/A       26%         4
 Fulminant Prism          Conj/Hex       3%         3d6       65%         4
 Ice Form                 Ice/Tmut       7%         N/A       65%         4
 Iskenderun's Mystic Bla  Conj/Tloc      7%         2d4       65%         4
 Summon Ice Beast         Ice/Summ       3%         N/A       80%         4
 Lee's Rapid Deconstruct  Erth           13%        3d10*     32%         5
 Agony                    Necr           21%        N/A       50%         5
 Excruciating Wounds      Necr           10%        N/A       50%         5
 Death Channel            Necr           10%        N/A       97%         6


Dungeon Overview and Level Annotations

Branches:
Dungeon (6/15)             Temple (1/1) D:5

Altars:
Ashenzari
Cheibriados
Dithmenos
Elyvilon
Fedhas
Gozag
Kikubaaqudgha
Makhleb
Nemelex Xobeh
Qazlal
Ru
Sif Muna
Trog
Uskayaw
Wu Jian
Xom
Yredelemnul
Zin
The Shining One

Shops:
D:2 (   D:6 *

Annotations:
D:3 1 runed translucent door, Crazy Yiuf
D:6 Maggie


Innate Abilities, Weirdness & Mutations

Your natural rate of healing is accelerated.
You have razor-sharp teeth.
You have supernaturally acute eyesight. (SInv)
You are afflicted with vampirism and can become a bat while bloodless.
Your skin changes colour to match your surroundings (Stealth+).
Your system is resistant to poisons. (rPois)
You expend magic power (3 MP) to strengthen your wands.


Message History

Okay, then.
Okay, then.
Okay, then.
Casting: Stone Arrow (dangerous; 8% risk of failure)
Confirm with . or Enter, or press ? or * to list all spells.
Aiming: Stone Arrow (dangerous; 8% risk of failure)
Press: ? - help, Shift-Dir - straight line, f - Maggie
Aim: Maggie, wielding a +0 glaive and wearing +0 steam dragon scales (wandering, hasn't noticed you, 68% to hit)
The stone arrow hits Maggie!
Maggie is lightly wounded.
Unknown command.
Casting: Stone Arrow (dangerous; 8% risk of failure)
Confirm with . or Enter, or press ? or * to list all spells.
Aiming: Stone Arrow (dangerous; 8% risk of failure)
Press: ? - help, Shift-Dir - straight line, f/p - Maggie
Aim: Maggie, wielding a +0 glaive and wearing +0 steam dragon scales (lightly wounded, 68% to hit)
The stone arrow hits Maggie!
Maggie is moderately wounded.
Unknown command.
Casting: Stone Arrow (dangerous; 8% risk of failure)
Confirm with . or Enter, or press ? or * to list all spells.
Aiming: Stone Arrow (dangerous; 8% risk of failure)
Press: ? - help, Shift-Dir - straight line, f/p - Maggie
Aim: Maggie, wielding a +0 glaive and wearing +0 steam dragon scales (moderately wounded, 68% to hit)
The stone arrow misses Maggie.
Maggie hits you from afar with a +0 glaive!
Unknown command.
Unknown command.
The blast of sand misses Maggie.
Maggie hits you from afar with a +0 glaive!
Unknown command.
The blast of sand misses Maggie.
Maggie hits you from afar with a +0 glaive!
Unknown command.
You are too injured to fight recklessly!
You are too injured to fight recklessly!
Maggie points at you and mumbles some strange words.
The bolt of fire hits you!!!
Ouch! That really hurt!
You die...

##.....##..#####.....##
#.....###..# ##....#
##.........## #....#
#..........## ##...#
###...........# ##..# #
##.............## #..# ###
####.....####......## #..######..
.....##...# ##......###..##......
..........## ##.@@.............O.
#..........## ##........#.....[..
##..........#####......###.......
##..####.....##......## ##......
##..## ###...........# ##.....
#....# ##...[......## ##....
.#########.....##.....# ##... ##
#.##...#######...## #... #.....##
##....## ##..


You could see Maggie.

Vanquished Creatures
  Sigmund (D:6)
  A steam dragon (D:6)
  Edmund (D:6)
  A water moccasin (D:6)
  An ice beast (D:6)
  A sky beast (D:5)
  A necrophage (D:5)
  3 ogres
  A water moccasin skeleton (D:5)
  2 bullfrog zombies (D:5)
  A hound (D:4)
  2 gnoll shamans (D:4)
  An orc priest (D:4)
  2 jellies
  An iguana (D:4)
  4 orc wizards (D:4)
  Robin (D:3)
  7 gnolls
  5 adders
  A shadow imp (D:5)
  A white imp (D:5)
  An ufetubus (D:5)
  3 dart slugs
  6 orcs
  8 ball pythons
  6 bats
  5 endoplasms
  3 giant cockroaches
  18 goblins
  9 hobgoblins
  13 jackals
  3 kobolds
  3 quokkas
  4 frilled lizards
  A goblin zombie (D:6)
  A quokka zombie (D:6)
  3 rats
126 creatures vanquished.

Vanquished Creatures (others)
  An ufetubus (D:6)
1 creature vanquished.

Grand Total: 127 creatures vanquished

Notes
Turn   | Place    | Note
-------+----------+-------------------------------------------
     0 | D:1      | ZappyNine the Vampire Earth Elementalist began the quest
                  | for the Orb.
     0 | D:1      | Reached XP level 1. HP: 13/13 MP: 3/3
   113 | D:1      | Reached XP level 2. HP: 20/20 MP: 1/5
   243 | D:1      | Reached skill level 1 in Fighting
   399 | D:1      | Learned a level 2 spell: Passwall
   460 | D:1      | Gained mutation: You are afflicted with vampirism and can
                  | become a bat while bloodless. [Vampire growth]
   460 | D:1      | Reached XP level 3. HP: 24/26 MP: 6/6
  1113 | D:2      | Found a faded altar of an unknown god.
  1220 | D:2      | Learned a level 3 spell: Stone Arrow
  1301 | D:2      | Found Qudat's Antique Weapon Shop.
  1431 | D:2      | Reached XP level 4. HP: 33/33 MP: 4/7
  1720 | D:2      | Gained mutation: Your system is resistant to poisons.
                  | (rPois) [potion of mutation]
  1720 | D:2      | Gained mutation: Your skin changes colour to match your
                  | surroundings (Stealth+). [potion of mutation]
  1720 | D:2      | Gained mutation: You expend magic power (3 MP) to
                  | strengthen your wands. [potion of mutation]
  1872 | D:3      | Found a burning altar of Makhleb.
  1872 | D:3      | Found a sacrificial altar of Ru.
  1890 | D:3      | Found an opulent altar of Gozag.
  1890 | D:3      | Found a hide-covered altar of Uskayaw.
  1896 | D:3      | Reached skill level 1 in Conjurations
  2318 | D:3      | Found a runed translucent door.
  2319 | D:3      | Noticed Crazy Yiuf
  2386 | D:3      | Reached skill level 4 in Earth Magic
  2662 | D:3      | Noticed Robin
  2667 | D:3      | Killed Robin
  2668 | D:3      | Reached XP level 5. HP: 36/38 MP: 4/8
  2840 | D:3      | Found a sparkling altar of Nemelex Xobeh.
  2980 | D:4      | Reached skill level 1 in Necromancy
  3055 | D:4      | Noticed an ogre
  3064 | D:4      | Killed an ogre
  3192 | D:4      | Reached XP level 6. HP: 46/46 MP: 7/9
  3963 | D:4      | HP: 2/47 [orc priest/divine providence (11)]
  3971 | D:4      | Reached XP level 7. HP: 18/52 MP: 3/10
  4067 | D:4      | Learned a level 4 spell: Animate Dead
  4260 | D:5      | Entered Level 5 of the Dungeon
  4275 | D:4      | HP: 1/52 [gnoll shaman/+0 club (10)]
  4447 | D:5      | Reached skill level 5 in Earth Magic
  4569 | D:5      | Found a blossoming altar of Fedhas.
  5051 | D:5      | Found a staircase to the Ecumenical Temple.
  5061 | Temple   | Entered the Ecumenical Temple
  5503 | D:5      | Found a snail-covered altar of Cheibriados.
  5767 | D:5      | Reached skill level 1 in Shields
  6111 | D:6      | Found Panem's Assorted Antiques.
  6112 | D:6      | Noticed Sigmund
  6186 | D:5      | Reached XP level 8. HP: 23/59 MP: 2/12
  6301 | D:6      | Killed Sigmund
  6451 | D:6      | Noticed Edmund
  6463 | D:6      | Killed Edmund
  6825 | D:6      | Noticed Maggie
  6840 | D:6      | Identified a scroll of acquirement
  6840 | D:6      | Acquired the Compendium of Darkness and the Snowflakes
  6994 | D:6      | Found an ancient bone altar of Kikubaaqudgha.
  7147 | D:6      | Reached skill level 6 in Earth Magic
  7393 | D:6      | Killed from afar by Maggie

Illustrated notes

Levels and vault maps discovered:
D:1:      sevenhm_arrival_forest_fort_small_1, layout_loops_ring,
          minmay_misc_feat_square
D:2:      layout_basic, serial_shops, shop_fountains,
          ebering_ecumenical_altar_mist, grunt_decor_mini_mirrors, hex_large,
          hex_medium, kennysheep_generic_room_7
D:3:      layout_basic, lemuel_coloured_pillars_altar,
          grunt_temple_overflow_open, hangedman_decor_riveting,
          uniq_crazy_yiuf_cottage, uniq_robin
D:4:      layout_loops_ring
D:5:      layout_gridville, kennysheep_slug_shrine, fedhas_altar_4,
          minmay_temple_entry_enclosed_plants
D:6:      layout_layer_cave, nicolae_overflow_hidden_temple, enter_ossuary_4,
          serial_shops, shop, uniq_edmund, uniq_maggie, uniq_eustachio,
          uniq_sigmund
Temple:   minmay_temple_curvy_loop

Skill      XL: |  1  2  3  4  5  6  7  8 |
---------------+-------------------------+-----
Fighting       | 1 2 3 4 |  4.5
Transmutations | 2 |  2.3
Conjurations   | 1 2 |  2.2
Earth Magic    | 4 5 6 |  6.0
Necromancy     | 1 2 3 4 |  4.7
Shields        | 2 4 |  4.0
Spellcasting   | 3 |  3.6
Dodging        | |  2.1
Stealth        | |  3.0

Action                   |  1- 3 |  4- 6 |  7- 9 || total
-------------------------+-------+-------+-------++-------
Melee: Unarmed           |    27 |       |       ||    27
       Bite              |    19 |    11 |    12 ||    42
       Dagger            |   118 |       |       ||   118
       Short sword       |       |    78 |    70 ||   148
 Cast: Sandblast         |    17 |    63 |    11 ||    91
       Stone Arrow       |       |     3 |    28 ||    31
       Passwall          |       |       |     1 ||     1
  Use: Potion            |       |     5 |     2 ||     7
       Scroll            |       |     1 |    10 ||    11
 Stab: Sleeping          |     7 |     2 |     7 ||    16
Armor: Robe              |    32 |    16 |    10 ||    58
Dodge: Dodged            |   122 |    82 |    67 ||   271

Table legend: (Time is in decaauts)
 A = Elapsed time spent in this place.
 B = Non-inter-level travel time spent in this place.
 C = Inter-level travel time spent in this place.
 D = Time resting spent in this place.
 E = Time spent auto-exploring this place.
 F = Levels seen in this place.
 G = Mean time per level.
                   A        B        C        D        E       F      G
               +--------+--------+--------+--------+--------+-----+--------+
         Total |   7419 |   7244 |    175 |   1190 |   4854 |   7 | 1059.9 |
       Dungeon |   7196 |   7045 |    151 |   1190 |   4656 |   6 | 1199.3 |
        Temple |    222 |    198 |     24 |      0 |    198 |   1 |  222.0 |
               +--------+--------+--------+--------+--------+-----+--------+

Top non-repeatable levels by time:
     D:5: 1666 daAuts
     D:3: 1370 daAuts
     D:4: 1326 daAuts
     D:6: 1090 daAuts
     D:1: 986 daAuts
     D:2: 756 daAuts
  Temple: 222 daAuts
